 Dungeon Crawl Stone Soup version 0.26-a0-810-ge1a9524b62 (webtiles) character file.

Game seed: 14839491711066199871

2366 strifetoe the Cleaver (level 9, 0/70 HPs)
             Began as a Hill Orc Fighter on Nov 13, 2020.
             Was a Believer of Beogh.
             Slain by an orc warrior
             ... wielding a +0 hand axe
              (11 damage)
             ... on level 6 of the Dungeon.
             The game lasted 00:06:47 (7250 turns).

strifetoe the Cleaver (Hill Orc Fighter)            Turns: 7250, Time: 00:06:47

Health: 0/70       AC: 11    Str: 21    XL:     9   Next: 44%
Magic:  15/15      EV:  7    Int:  9    God:    Beogh [**....]
Gold:   445        SH:  9    Dex: 10    Spells: 8/8 levels left

rFire    + . .     SeeInvis .   a - +0 war axe
rCold    . . .     Faith    .   c - +0 kite shield
rNeg     . . .     Spirit   .   b - +0 scale mail
rPois    .         Reflect  .   w - +2 helmet
rElec    .         Harm     .   (no cloak)
rCorr    .         Rampage  .   (no gloves)
MR       .....                  j - +0 pair of boots
Stlth    ..........             (no amulet)
HPRegen  0.21/turn              e - ring of protection from fire
MPRegen  0.14/turn              (no ring)

@: no status effects
A: no striking features
a: Smiting, Renounce Religion


You were on level 6 of the Dungeon.
You worshipped Beogh.
Beogh was pleased with you.
You visited 1 branch of the dungeon, and saw 7 of its levels.

You collected 445 gold pieces.

Inventory:

Hand Weapons
 a - a +0 war axe (weapon)
Missiles
 u - 7 silver javelins (quivered)
Armour
 b - a +0 scale mail (worn)
 c - a +0 kite shield (worn)
 j - a +0 pair of boots (worn)
 w - a +2 helmet (worn)
Jewellery
 e - a ring of protection from fire (left hand)
Scrolls
 h - 2 scrolls of blinking
 k - 2 scrolls of random uselessness {unknown}
 p - 3 scrolls of amnesia {unknown}
 q - 6 scrolls of identify {unknown}
 r - a scroll of teleportation {unknown}
 v - a scroll of fear {unknown}
 y - 2 scrolls of remove curse {unknown}
Potions
 f - a potion of resistance
 g - a potion of brilliance
 i - a potion of magic
 m - a potion of attraction {unknown}
 n - 2 potions of flight {unknown}
 o - 2 potions of haste {unknown}
 s - a potion of degeneration {unknown}
 t - a potion of lignification {unknown}
 x - a potion of curing {unknown}
 z - 2 potions of heal wounds {unknown}


   Skills:
 - Level 3.6 Fighting
 + Level 13.3 Axes
 - Level 3.2 Armour
 - Level 3.2 Shields
 + Level 8.5 Invocations


You had 8 spell levels left.
You didn't know any spells.
Your spell library contained the following spells:

 Spells                   Type           Power        Failure   Level
 Beastly Appendage        Tmut           #.....       99%         1
 Wereblood                Tmut           #.......     100%        2
 Spider Form              Tmut/Pois      #.........   100%        3
 Ice Form                 Ice/Tmut       #.......     100%        4
 Blade Hands              Tmut           #.........   100%        5


Dungeon Overview and Level Annotations

Branches:
Dungeon (7/15)
 Temple: D:4-7

Altars:
Kikubaaqudgha
Makhleb
Nemelex Xobeh
Wu Jian
The Shining One
Beogh

Annotations:
D:3 exclusion: downstairs
D:4 HilariousDeathArtist's ghost, amateur DgHu
D:7 Duvessa


Message History

The orc priest looks encouraged for a moment.
You see here a bullfrog skeleton.
The orc priest invokes the aid of Beogh against you.
Beogh smites you!
* * * LOW HITPOINT WARNING * * *
The orc warrior hits you but does no damage.
The orc throws a boomerang.
The boomerang barely misses you.
The orc wizard mumbles some strange words.
The orc wizard blinks!
There is a stone staircase leading up here.
You block the orc warrior's attack.
You climb upwards.
There is a stone staircase leading down here.
Unknown command.
Quiver which item? (- for none, * to show all) (? for menu, Esc to quit)
Okay, then.
It was a potion of magic.
Magic courses through your body.
The orc warrior hits you with a +0 hand axe!
You die...
Beogh appreciates the orc warrior's killing of a heretic priest.

***** *.,,* ***...***
*,,.<[..######
*,,..[....@o.#
*,,..(..####.#######
***...*** #.......# *.,,*
#######.# **,** #.#
*,*****#####* #.#
******,,,,,,.....###.#######
*,,,,,,,,,,*###........†...#
*,****,*,*,,..........####.#


You could see an orc warrior.

Vanquished Creatures
  A two-headed ogre (D:6)
  Prince Ribbit (D:6)
  A human (D:7)
  Menkaure (D:5)
  An ice beast (D:6)
  4 bullfrogs
  4 scorpions
  4 wights
  A howler monkey (D:4)
  A centaur zombie (D:6)
  A bullfrog skeleton (D:4)
  A hound (D:6)
  A jelly (D:6)
  A centaur skeleton (D:4)
  3 orc wizards
  6 worker ants
  7 adders
  A shadow imp (D:6)
  2 oozes
  3 dart slugs
  A leopard gecko (D:6)
  16 orcs
  2 ball pythons
  8 bats
  6 giant cockroaches
  9 hobgoblins
  6 jackals
  A quokka (D:3)
  3 frilled lizards
  8 goblins
  A jackal skeleton (D:6)
  6 kobolds
  5 rats
117 creatures vanquished.

Vanquished Creatures (others)
  An orc priest (D:4)
  2 orcs (D:4)
  A quokka (D:5)
4 creatures vanquished.

Grand Total: 121 creatures vanquished

Notes
Turn   | Place    | Note
-------+----------+-------------------------------------------
     0 | D:1      | strifetoe the Hill Orc Fighter began the quest for the Orb.
     0 | D:1      | Reached XP level 1. HP: 19/19 MP: 1/1
   239 | D:1      | Reached skill level 3 in Axes
   300 | D:1      | Reached XP level 2. HP: 23/26 MP: 2/2
   311 | D:1      | Reached skill level 4 in Axes
   409 | D:2      | Reached XP level 3. HP: 31/31 MP: 3/3
   605 | D:4      | Reached skill level 5 in Axes
   605 | D:4      | Reached XP level 4. HP: 30/39 MP: 4/4
   839 | D:5      | Entered Level 5 of the Dungeon
   839 | D:5      | Noticed Menkaure
   846 | D:5      | Killed Menkaure
   846 | D:5      | Reached skill level 7 in Axes
   846 | D:5      | Reached XP level 5. HP: 25/45 MP: 5/5
  1021 | D:5      | Reached skill level 8 in Axes
  1021 | D:5      | Reached XP level 6. HP: 51/51 MP: 6/6
  1365 | D:6      | Reached skill level 9 in Axes
  1832 | D:5      | Reached XP level 7. HP: 54/57 MP: 7/7
  2324 | D:4      | Reached skill level 10 in Axes
  2900 | D:4      | Found a runed translucent gate.
  2900 | D:4      | Identified the +10 hunting sling of Inconvenience {flame,
                  | Str+2 SInv}
  2901 | D:4      | Found a runed translucent gate.
  2901 | D:4      | Noticed HilariousDeathArtist's ghost (amateur DgHu)
  2902 | D:4      | Found a runed translucent gate.
  2905 | D:4      | Found a roughly hewn altar of Beogh.
  2914 | D:4      | Became a worshipper of Beogh the Brigand
  4054 | D:1      | Reached skill level 1 in Invocations
  4069 | D:1      | Reached * piety under Beogh
  4192 | D:1      | You fall into a shaft and drop 1 floor!
  4457 | D:2      | Found a burning altar of Makhleb.
  4457 | D:2      | Found an ancient bone altar of Kikubaaqudgha.
  4642 | D:2      | Reached skill level 11 in Axes
  4688 | D:2      | Found a sparkling altar of Nemelex Xobeh.
  5395 | D:6      | Reached XP level 8. HP: 50/64 MP: 9/9
  5510 | D:6      | Found a glowing golden altar of the Shining One.
  5727 | D:6      | Noticed Sigmund
  5825 | D:6      | Reached skill level 5 in Invocations
  5973 | D:6      | Reached skill level 12 in Axes
  6082 | D:6      | Found an ornate altar of the Wu Jian Council.
  6141 | D:6      | Noticed Sigmund
  6141 | D:6      | Sigmund changed into Sigmund the ooze
  6142 | D:6      | Killed Sigmund the ooze
  6142 | D:6      | Reached ** piety under Beogh
  6352 | D:6      | Noticed a two-headed ogre
  6369 | D:6      | Killed a two-headed ogre
  6369 | D:6      | Reached skill level 13 in Axes
  6369 | D:6      | Reached XP level 9. HP: 30/70 MP: 12/14
  6601 | D:6      | Noticed Prince Ribbit
  7096 | D:6      | Found a glowing golden altar of the Shining One.
  7129 | D:6      | Killed Prince Ribbit
  7230 | D:7      | Noticed Duvessa
  7250 | D:6      | Slain by an orc warrior

Illustrated notes

Levels and vault maps discovered:
D:1:      mushboom_english_gardens, layout_rooms
D:2:      layout_basic, gammafunk_temple_overflow_wave,
          nemelex_diamond_rough_becter
D:3:      layout_basic
D:4:      layout_loops_corners, amethyst_overflow_temple_binary,
          biasface_ghost_orc_armoury, minmay_liquid_box, minmay_misc_feat_room
D:5:      layout_basic, lemuel_another_geyser, uniq_menkaure
D:6:      layout_loops_ring, nicolae_overflow_crystal_walls,
          lemuel_crystal_altar, uniq_prince_ribbit1, uniq_sigmund
D:7:      layout_cave_pools, regret_index_temple_of_mockery,
          ashenzari_conservatory_becter, minmay_temple_entry_statues,
          uniq_harold, uniq_duvessa

Skill      XL: |  1  2  3  4  5  6  7  8  9 |
---------------+----------------------------+-----
Axes           | 3 4 5 7 8 9 11 13 | 13.3
Invocations    | 2 7 8 |  8.5
Fighting       | |  3.6
Armour         | |  3.2
Shields        | |  3.2

Action                   |  1- 3 |  4- 6 |  7- 9 || total
-------------------------+-------+-------+-------++-------
Melee: War axe           |    44 |    60 |   368 ||   472
Invok: Convert to Beogh  |       |       |     1 ||     1
       Smiting           |       |       |     1 ||     1
Evoke: Wand              |       |       |    15 ||    15
  Use: Potion            |       |     1 |     4 ||     5
       Scroll            |       |       |     2 ||     2
Armor: Scale mail        |    33 |    21 |   149 ||   203
Dodge: Dodged            |    22 |    15 |    85 ||   122
Block: Kite shield       |    35 |    29 |   140 ||   204

Table legend: (Time is in decaauts)
 A = Elapsed time spent in this place.
 B = Non-inter-level travel time spent in this place.
 C = Inter-level travel time spent in this place.
 D = Time resting spent in this place.
 E = Time spent auto-exploring this place.
 F = Levels seen in this place.
 G = Mean time per level.
                   A        B        C        D        E       F      G
               +--------+--------+--------+--------+--------+-----+--------+
         Total |   7309 |   7082 |    227 |   1479 |   4426 |   7 | 1044.1 |
       Dungeon |   7309 |   7082 |    227 |   1479 |   4426 |   7 | 1044.1 |
               +--------+--------+--------+--------+--------+-----+--------+

Top non-repeatable levels by time:
     D:6: 1842 daAuts
     D:4: 1508 daAuts
     D:5: 1191 daAuts
     D:3: 1105 daAuts
     D:2: 881 daAuts
     D:1: 655 daAuts
     D:7: 125 daAuts
